 Dungeon Crawl Stone Soup version 0.25-a0-317-g5f8687bca5 (webtiles) character file.

Game seed: 7870258946743112617, levelgen mode: deterministic

121 Error4North the Shield-Bearer (level 5, -5/46 HPs)
             Began as a Hill Orc Fighter on Dec 26, 2019.
             Slain by Sigmund
             ... wielding a +0 scythe
              (7 damage)
             ... on level 2 of the Dungeon.
             The game lasted 00:07:46 (1433 turns).

Error4North the Shield-Bearer (Hill Orc Fighter)    Turns: 1433, Time: 00:07:46

Health: -5/46      AC:  9    Str: 17 (20) XL:     5   Next: 5%
Magic:  6/6        EV:  5    Int: 10 (13) God:
Gold:   76         SH:  9    Dex:  7 (10) Spells: 5/5 levels left

rFire    . . .     SeeInvis .   a - +0 war axe
rCold    . . .     Gourm    .   c - +0 shield
rNeg     . . .     Faith    .   o - +0 chain mail {rPois}
rPois    +         Spirit   .   (no helmet)
rElec    .         Reflect  .   (no cloak)
rCorr    .         Harm     .   (no gloves)
MR       .....                  (no boots)
Stlth    ..........             (no amulet)
HPRegen  0.15/turn              (no ring)
MPRegen  0.10/turn              (no ring)

@: brilliant
A: no striking features
a: no special abilities


You were on level 2 of the Dungeon.
You were not hungry.

You visited 1 branch of the dungeon, and saw 2 of its levels.

You collected 76 gold pieces.

Inventory:

Hand Weapons
 a - a +0 war axe (weapon)
 b - a +0 hunting sling
Missiles
 i - 44 stones (quivered)
 j - 17 sling bullets
Armour
 c - a +0 shield (worn)
 o - a +0 chain mail of poison resistance (worn)
Jewellery
 d - an uncursed ring of see invisible {unknown}
Scrolls
 g - a scroll of magic mapping {unknown}
 h - 4 scrolls of remove curse
Comestibles
 f - 5 rations
 l - 3 chunks of flesh


   Skills:
 + Level 4.1 Fighting
 + Level 3.5 Axes
 + Level 0.1 Throwing
 * Level 4.0 Armour
 + Level 0.3 Dodging
 * Level 4.4 Shields
 * Level 0.8 Spellcasting


You had 5 spell levels left.
You didn't know any spells.
Your spell library was empty.

Dungeon Overview and Level Annotations

Branches:
Dungeon (2/15)

Altars:

Annotations:
D:2 Sigmund


Message History

Sigmund screams, "Die, monster!"
Sigmund hits you from afar with a +0 scythe.
* * * LOW HITPOINT WARNING * * *
Sigmund hits you but does no damage.
You slash Sigmund!
Sigmund is moderately wounded.
It was a potion of degeneration.
There was something very wrong with that liquid.
You feel weakened.
You feel dopey.
You feel clumsy.
Sigmund points at you and mumbles some strange words.
The puff of flame hits you!
* * * LOW HITPOINT WARNING * * *
Unknown command.
It was a potion of brilliance.
You feel clever all of a sudden. Sigmund barely misses you.
You closely miss Sigmund.
Sigmund is moderately wounded.
Sigmund hits you with a +0 scythe!
You die...

..............(.........#
##...
.#.........##..##..##...#
#...#
......)...####....####..#
#.#)# .#........# ##..##
##.## ##<#.# .....###...#
#..# ##..# #..#.. ######
##...###..###...# #.###.
# #.#..........#.#####.#
#. #
#.#.....@....#...##..# #.
. .....###.@###........##
#. ## #... # #..#
##...##### #. #.. ##(.##
##.## #. #. #..(.####.#
## # #..##..##..#
...(.........#
......######### ######


You could see Sigmund.

Vanquished Creatures
  Natasha (D:1)
  Robin (D:2)
  4 gnolls (D:2)
  A worm (D:2)
  A leopard gecko (D:2)
  A ball python (D:1)
  6 bats
  9 goblins (D:2)
  6 hobgoblins
  5 kobolds
  5 frilled lizards
  5 rats
45 creatures vanquished.

Notes
Turn   | Place    | Note
-------+----------+-------------------------------------------
     0 | D:1      | Error4North the Hill Orc Fighter began the quest for the
                  | Orb.
     0 | D:1      | Reached XP level 1. HP: 19/19 MP: 1/1
   193 | D:1      | Reached XP level 2. HP: 26/27 MP: 2/2
   825 | D:2      | Noticed Natasha
   834 | D:1      | Killed Natasha
   834 | D:1      | Reached XP level 3. HP: 22/33 MP: 3/3
  1030 | D:2      | Reached XP level 4. HP: 32/40 MP: 4/4
  1203 | D:2      | Noticed Robin
  1219 | D:2      | Killed Robin
  1267 | D:2      | Reached XP level 5. HP: 40/46 MP: 6/6
  1381 | D:2      | Noticed Sigmund
  1431 | D:2      | HP: 2/46 [Sigmund/puff of flame (8)]
  1433 | D:2      | Slain by Sigmund

Levels and vault maps discovered:
D:1:      mushboom_english_gardens, layout_basic
D:2:      layout_rooms, first_ration, palyth_stone_intersect, uniq_robin,
          uniq_natasha, uniq_sigmund

Skill      XL: |  1  2  3  4 |
---------------+-------------+-----
Axes           | 3 |  3.5
Shields        | 4 |  4.4
Fighting       | 4 |  4.1
Armour         | 4 |  4.0
Throwing       | |  0.1
Dodging        | |  0.3
Spellcasting   | |  0.8

Action                   |  1- 3 |  4- 6 || total
-------------------------+-------+-------++-------
Melee: War axe           |    95 |    52 ||   147
 Fire: Hunting sling     |     1 |    11 ||    12
Throw: Stone             |    20 |       ||    20
  Use: Potion            |       |     4 ||     4
       Scroll            |       |     1 ||     1
  Eat: Chunk             |     1 |     1 ||     2
Armor: Scale mail        |    52 |       ||    52
       Plate armour      |    20 |    38 ||    58
       Chain mail        |       |    14 ||    14
Dodge: Dodged            |    35 |    14 ||    49
Block: Shield            |    66 |    45 ||   111

Table legend:
 A = Non-vault XP
 B = Vault XP
 C = Vault XP percentage of total XP
 D = Non-vault monster count
 E = Vault monster count
 F = Vault count percentage of total count
                 A         B        C        D         E       F
            +---------+---------+-------+---------+---------+-------
      Total |     102 |      72 |  41.4 |      32 |      13 |  28.9
            +---------+---------+-------+---------+---------+-------
        D:1 |      21 |      35 |  62.5 |      12 |       1 |   7.7
        D:2 |      81 |      37 |  31.4 |      20 |      12 |  37.5
            +---------+---------+-------+---------+---------+-------
